 Dungeon Crawl Stone Soup version 0.20.1-1-g8b1a95d (webtiles) character file.

63 Folque the Magician (level 4, 0/30 HPs)
             Began as an Octopode Wizard on Dec 4, 2017.
             Slain by a killer bee zombie (6 damage)
             ... on level 3 of the Dungeon.
             The game lasted 00:09:35 (2635 turns).

Folque the Magician (Octopode Wizard)               Turns: 2635, Time: 00:09:36

Health: 0/30       AC:  1    Str:  6    XL:     4   Next: 10%
Magic:  0/9        EV: 13    Int: 21    God:
Gold:   87         SH:  0    Dex: 10    Spells: 1/9 levels left

rFire    . . .     SeeInvis .   m - +0 spear
rCold    . . .     Gourm    .   (no shield)
rNeg     . . .     Faith    .   a - +0 hat
rPois    .         Spirit   .   (no amulet)
rElec    .         Reflect  .   (no ring)
rCorr    .         Harm     .   (no ring)
MR       .....                  (no ring)
Stlth    +++.......             (no ring)
Regen    0.1/turn               (no ring)
MPRegen  0.2/turn               (no ring)
                                (no ring)
                                (no ring)

@: no status effects
A: almost no armour, stealthy swim, amphibious, 8 rings, constrict 8, camouflage
1, gelatinous body 1
a: no special abilities


You were on level 3 of the Dungeon.
You were not hungry.

You visited 1 branch of the dungeon, and saw 3 of its levels.

You collected 87 gold pieces.

Inventory:

Hand Weapons
 i - a +0 dagger
 m - a +0 spear (weapon)
Armour
 a - a +0 hat (worn)
Jewellery
 e - an uncursed amulet of regeneration {unknown}
Scrolls
 g - 4 scrolls of identify {unknown}
 h - 2 scrolls of remove curse {unknown}
 k - a scroll of random uselessness {unknown}
 q - a scroll of enchant armour {unknown}
Potions
 d - 2 potions of ambrosia {unknown}
 p - a potion of mutation {unknown}
Books
 b - a book of Minor Magic

   Spells                             Type                      Level
   a - Magic Dart                     Conjuration                  1
   b - Blink                          Translocation                2
   c - Call Imp                       Summoning                    2
   d - Slow                           Hexes                        2
   e - Conjure Flame                  Conjuration/Fire             3
   f - Mephitic Cloud                 Conjuration/Poison/Air       3
Comestibles
 c - 3 bread rations
 f - 6 fruits
 j - a royal jelly
 n - a chunk of flesh
 o - a meat ration


   Skills:
 * Level 2.8 Fighting
 - Level 2.0 Dodging
 - Level 2.6 Stealth
 + Level 3.4 Spellcasting
 + Level 1.1 Conjurations
 - Level 1.0 Summonings
 - Level 1.0 Translocations
 * Level 0.8 Poison Magic


You had one spell level left.
You knew the following spells:

 Your Spells              Type           Power        Failure   Level  Hunger
a - Magic Dart            Conj           #...         9%          1    None
b - Call Imp              Summ           #.......     13%         2    ##.....
c - Blink                 Tloc           N/A          13%         2    ##.....
d - Mephitic Cloud        Conj/Pois/Air  #.......     28%         3    ###....


Dungeon Overview and Level Annotations

Branches:
Dungeon (3/15)

Altars:


Innate Abilities, Weirdness & Mutations

You cannot wear most types of armour.
You are very stealthy in the water. (Stealth+)
You are amphibious.
You can wear up to eight rings at the same time.
You can use your tentacles to constrict eight enemies at once.
Your skin changes colour to match your surroundings (Stealth+).
Your rubbery body absorbs attacks. (AC +1, EV +1)


Message History

Casting: Call Imp
Confirm with . or Enter, or press ? or * to list all spells.
You don't have enough magic to cast that spell.
It was a potion of curing.
You feel better. The killer bee zombie hits you!
* * * LOW HITPOINT WARNING * * *
Your crimson imp hits the killer bee zombie.
You feel better. The killer bee zombie misses you.
The killer bee zombie barely misses you.
Your crimson imp misses the killer bee zombie.
Casting: Call Imp
Confirm with . or Enter, or press ? or * to list all spells.
Aiming: Magic Dart
Press: ? - help, Shift-Dir - straight line, f/p - killer bee zombie
Aim: a killer bee zombie (lightly damaged)
The magic dart hits the killer bee zombie.
The killer bee zombie is moderately damaged.
The killer bee zombie hits you.
* * * LOW HITPOINT WARNING * * *
The killer bee zombie hits you.
You die...

#+# #.#
#.#
##<##
##?..##
#@Z...#
##5..##
##.##
....
##.###
#.# #.
#.


You could see a killer bee zombie and a friendly crimson imp.

Vanquished Creatures
  An adder (D:2)
  A leopard gecko (D:2)
  7 bats
  4 giant cockroaches
  4 goblins
  3 hobgoblins (D:1)
  4 jackals (D:2)
  5 kobolds
  2 frilled lizards (D:1)
  3 rats
34 creatures vanquished.

Vanquished Creatures (collateral kills)
  3 worms (D:2)
  A leopard gecko (D:2)
  2 hobgoblins (D:2)
  2 jackals (D:2)
  A frilled lizard (D:2)
9 creatures vanquished.

Grand Total: 43 creatures vanquished

Notes
Turn   | Place    | Note
-------+----------+-------------------------------------------
     0 | D:1      | Folque the Octopode Wizard began the quest for the Orb.
     0 | D:1      | Reached XP level 1. HP: 11/11 MP: 4/4
   330 | D:1      | Reached skill level 1 in Fighting
   767 | D:1      | Reached XP level 2. HP: 17/18 MP: 6/6
  1578 | D:2      | Learned a level 2 spell: Call Imp
  1581 | D:2      | Learned a level 2 spell: Blink
  1683 | D:2      | Reached XP level 3. HP: 12/24 MP: 4/7
  2302 | D:2      | Learned a level 3 spell: Mephitic Cloud
  2374 | D:2      | Reached XP level 4. HP: 30/30 MP: 9/9
  2635 | D:3      | Slain by a killer bee zombie

Skill      XL: |  1  2 |
---------------+-------+-----
Fighting       | 1 2 |  2.8
Dodging        | |  2.0
Stealth        | |  2.6
Spellcasting   | |  3.4
Conjurations   | |  1.1
Summonings     | |  1.0
Translocations | |  1.0
Poison Magic   | |  0.8

Action                   |  1- 3 |  4- 6 || total
-------------------------+-------+-------++-------
Melee: Unarmed           |    40 |       ||    40
       Constrict         |    22 |     3 ||    25
       Tentacles         |    13 |       ||    13
       Dagger            |    35 |       ||    35
       Spear             |    21 |    25 ||    46
 Cast: Magic Dart        |    10 |     1 ||    11
       Call Imp          |     6 |     5 ||    11
       Blink             |       |     2 ||     2
  Use: Potion            |       |     2 ||     2
 Stab: Sleeping          |    11 |     3 ||    14
       Distracted        |     3 |     1 ||     4
  Eat: Chunk             |     5 |     1 ||     6
Armor: Skin              |     5 |     1 ||     6
Dodge: Dodged            |    52 |     8 ||    60
